Cogmind - Beta 12 @@@ ROGUE MODE // 2023.08.11 @ 18:01:42 Player: AAAAAAAAAAAAAAAA Result: Self-destructed Performance ------------- Evolutions (2) 1000 Regions Visited (5) 1000 Robots Destroyed (1) 5 Value Destroyed (16) 16 Prototype IDs (0) 0 Alien Tech Used (0) 0 Bonus (300) 300 TOTAL SCORE: 2321 Bonus ------- Aligned with FarCom 300 Cogmind --------- Core Integrity 520/550 Matter 184/300 Energy 250/250 System Corruption 0% Temperature Cool (0) Movement Flying (34) Location -8/Materials Parts ------- > --- POWER (1) -------- Ion Engine > --- PROPULSION (3) --- Xenon Bombardment Thruster Xenon Bombardment Thruster Xenon Bombardment Thruster > --- UTILITY (5) ------ Improved Heat Sink Small Storage Unit Targeting Computer Improved Light Armor Plating > --- WEAPON (2) ------- Medium Laser > --- INVENTORY (8) ---- Reinforced Deuterium Engine Fission Core Fission Core Aluminum Leg Aluminum Leg Hover Unit Xenon Bombardment Thruster Light Cannon Peak State ------------ > --- POWER ------------ Ion Engine > --- PROPULSION ------- Xenon Bombardment Thruster Xenon Bombardment Thruster Xenon Bombardment Thruster > --- UTILITY ---------- Improved Heat Sink Small Storage Unit Targeting Computer Improved Light Armor Plating > --- WEAPON ----------- Medium Laser Assault Cannon > --- INVENTORY -------- Reinforced Deuterium Engine Fission Core Fission Core Aluminum Leg Aluminum Leg Hover Unit Xenon Bombardment Thruster Light Cannon [Rating: 27] Favorites ----------- Power Ion Engine Engine Ion Engine Propulsion Compact Wheel Wheel Compact Wheel Flight Unit Xenon Bombardment Thruster Utility Small Storage Unit Device Improved Heat Sink Storage Small Storage Unit Processor Targeting Computer Protection Improved Light Armor Plating Weapon Medium Laser Energy Gun Medium Laser Ballistic Cannon Assault Cannon Build | -11 -10 -10 -10 -9 -8 ------- Run | Jun Mat Min Exi Min Mat Slots Evolved 4 | . . . . . 4 Power . | . . . . . . Propulsion 1 | . . . . . 1 Utility 3 | . . . . . 3 Weapon . | . . . . . . Parts Attached 13 | 6 1 . . . 6 Power 1 | 1 . . . . . Engine 1 | 1 . . . . . Core . | . . . . . . Reactor . | . . . . . . Propulsion 5 | 2 . . . . 3 Treads . | . . . . . . Leg . | . . . . . . Wheel 2 | 2 . . . . . Hover . | . . . . . . Flight 3 | . . . . . 3 Utility 4 | 1 1 . . . 2 Device 1 | . . . . . 1 Storage 1 | 1 . . . . . Processor 1 | . 1 . . . . Hackware . | . . . . . . Protection 1 | . . . . . 1 Artifact . | . . . . . . Weapon 3 | 2 . . . . 1 Energy Gun 2 | 2 . . . . . Energy Cannon . | . . . . . . Ballistic Gun . | . . . . . . Ballistic Cannon 1 | . . . . . 1 Launcher . | . . . . . . Special Weapon . | . . . . . . Impact Weapon . | . . . . . . Slashing Weapon . | . . . . . . Piercing Weapon . | . . . . . . Special Melee Weapon . | . . . . . . Unidentified Prototypes . | . . . . . . Parts Lost . | . . . . . . Power . | . . . . . . Propulsion . | . . . . . . Utility . | . . . . . . Weapon . | . . . . . . Highest Loss Streak . | . . . . . . To Critical Strikes . | . . . . . . Average Slot Usage (%) 93 | . 97 100 100 100 74 Engine 12 | . 14 14 14 14 9 Wheel 25 | . 28 28 28 28 15 Device 1 | . . . . . 8 Storage 12 | . 14 14 14 14 9 Processor 12 | . 11 14 14 14 9 Energy Gun 24 | . 28 28 28 28 13 Naked Turns . | . . . . . . Heaviest Build 21 | 14 14 14 14 14 21 Greatest Support 26 | 26 26 26 26 26 26 Greatest Overweight (x) 1 | . . . . . 1 Average Overweight (x) . | . . . . . . Largest Inventory Capacity 8 | 8 8 8 8 8 8 Average Capacity 7 | 7 8 8 8 8 8 Most Carried 8 | 4 6 6 8 8 8 Average Carried 7 | 2 4 6 7 8 7 Final Capacity 8 | 8 8 8 8 8 8 Final Carried 8 | 4 6 6 8 8 8 Class Distribution -------------------- 100% | Mutant Dominant Class ---------------- Mutant | -10/Materials Mutant | -10/Mines Mutant | -10/Exiles Mutant | -9/Mines Mutant | -8/Materials Resources | -11 -10 -10 -10 -9 -8 ----------- Run | Jun Mat Min Exi Min Mat Matter Collected 214 | 187 27 . . . . Remotely . | . . . . . . Salvage Created 27 | . 27 . . . . Parts 2 | . 2 . . . . Haulers Intercepted . | . . . . . . Recyclers Shooed . | . . . . . . Parts Field Recycled . | . . . . . . Retrieved Matter . | . . . . . . Parts Self-Destructed . | . . . . . . Prevented . | . . . . . . Kills | -11 -10 -10 -10 -9 -8 ------- Run | Jun Mat Min Exi Min Mat Combat Hostiles Destroyed . | . . . . . . Classes Destroyed 1 | . 1 . . . . Watcher 1 | . 1 . . . . Best Kill Streak 1 | . 1 . . . . Combat Bots Only . | . . . . . . Max Kills in Single Turn 1 | . 1 . . . . Gunslinging . | . . . . . . Exploded . | . . . . . . Melee . | . . . . . . Uniques/NPCs Destroyed . | . . . . . . Combat | -11 -10 -10 -10 -9 -8 -------- Run | Jun Mat Min Exi Min Mat Damage Taken 219 | . . . . 35 184 Core 53 | . . . . 23 30 Absorbed by Shields . | . . . . . . Core Remaining (%) 95 | 100 . . . 90 . Volleys Fired 3 | . 3 . . . . Largest 2 | . 2 . . . . Hottest 100 | . 100 . . . . Shots Fired 6 | . 6 . . . . Gun 6 | . 6 . . . . Cannon . | . . . . . . Launcher . | . . . . . . Special . | . . . . . . Kinetic . | . . . . . . Thermal 6 | . 6 . . . . Explosive . | . . . . . . Electromagnetic . | . . . . . . Robot Hit Streak 3 | . 3 . . . . Robot Miss Streak 1 | . 1 . . . . Penetration Max . | . . . . . . Secondary Targets . | . . . . . . Shots Hit Robots 4 | . 4 . . . . Core Hits 1 | . 1 . . . . Critical Kills . | . . . . . . Critical Parts Destroyed . | . . . . . . Critical Strikes . | . . . . . . Melee Attacks . | . . . . . . Impact . | . . . . . . Slashing . | . . . . . . Piercing . | . . . . . . Sneak Attacks . | . . . . . . Combat Hostiles . | . . . . . . Follow-up Attacks . | . . . . . . Damage Inflicted 49 | . 49 . . . . Guns 49 | . 49 . . . . Cannons . | . . . . . . Explosions . | . . . . . . Melee . | . . . . . . Ramming . | . . . . . . Kinetic . | . . . . . . Thermal 49 | . 49 . . . . Explosive . | . . . . . . Electromagnetic . | . . . . . . Impact . | . . . . . . Slashing . | . . . . . . Piercing . | . . . . . . Highest Corruption . | . . . . . . Average Corruption . | . . . . . . Corruption Purged . | . . . . . . Corruption Blocked . | . . . . . . Overload Shots . | . . . . . . Overflow Damage . | . . . . . . Projectiles . | . . . . . . Explosions . | . . . . . . Melee . | . . . . . . Knockbacks . | . . . . . . Impact . | . . . . . . Kinetic . | . . . . . . Secondary . | . . . . . . Self-Inflicted Damage . | . . . . . . Shots . | . . . . . . Rammed . | . . . . . . Targets Rammed . | . . . . . . Kicked . | . . . . . . Crushed . | . . . . . . Highest Temperature 78 | . 78 . . . . Average Temperature 37 | . 37 . . . . Received Heat Transfer 117 | . . . . 18 99 Siege Activations . | . . . . . . Robots Corrupted . | . . . . . . Combat Hostiles . | . . . . . . Parts Fried . | . . . . . . Impact Corruptions . | . . . . . . Robots Melted . | . . . . . . Combat Hostiles . | . . . . . . Parts Melted . | . . . . . . Heat Transferred 148 | . 148 . . . . Parts Sabotaged . | . . . . . . Parts Stolen . | . . . . . . Parts Stripped . | . . . . . . Power Chain Reactions . | . . . . . . Missiles Intercepted . | . . . . . . Alert | -11 -10 -10 -10 -9 -8 ------- Run | Jun Mat Min Exi Min Mat Peak Influence 45 | . 37 14 . 45 36 Initial 17 | . . 14 . . 17 Average 15 | . 6 14 . 16 25 Maximum Alert Level . | . . . . . . Low Security (%) 100 | 100 100 100 . 100 100 Level 1 . | . . . . . . Level 2 . | . . . . . . Level 3 . | . . . . . . Level 4 . | . . . . . . Level 5 . | . . . . . . High Security . | . . . . . . Max Security . | . . . . . . Squads Dispatched . | . . . . . . Investigation . | . . . . . . Extermination . | . . . . . . Reinforcement . | . . . . . . Assault . | . . . . . . Garrison . | . . . . . . Intercept . | . . . . . . Searches Triggered . | . . . . . . Construction Impeded . | . . . . . . Haulers Reinforced . | . . . . . . Active Scanning Responses . | . . . . . . Cargo Convoy Interrupts . | . . . . . . Stealth | -11 -10 -10 -10 -9 -8 --------- Run | Jun Mat Min Exi Min Mat Distress Signals . | . . . . . . Communications Jammed . | . . . . . . Distress Signals . | . . . . . . Times Spotted 8 | . 4 . . 3 1 Peak Tracking Total 3 | . 3 . . 3 1 Tactical Retreats 2 | . . . . 2 . Traps | -11 -10 -10 -10 -9 -8 ------- Run | Jun Mat Min Exi Min Mat Traps Triggered . | . . . . . . Indirectly . | . . . . . . Trap Hack Attempts . | . . . . . . Triggered . | . . . . . . Disarmed . | . . . . . . Reprogrammed . | . . . . . . Reused . | . . . . . . Traps Extracted . | . . . . . . Installed . | . . . . . . Triggered . | . . . . . . Machines | -11 -10 -10 -10 -9 -8 ---------- Run | Jun Mat Min Exi Min Mat Machines Disabled . | . . . . . . Max in Single Turn . | . . . . . . Machines Repaired . | . . . . . . Machines Sabotaged . | . . . . . . Overloaded Fab Kills . | . . . . . . Hacking | -11 -10 -10 -10 -9 -8 --------- Run | Jun Mat Min Exi Min Mat Machines Accessed 4 | . 2 . 1 . 1 Terminals 3 | . 2 . . . 1 Fabricators . | . . . . . . Repair Stations . | . . . . . . Recycling Units . | . . . . . . Scanalyzers . | . . . . . . Garrison Access . | . . . . . . Total Hacks 12 | . 4 . 4 . 4 Successful 6 | . 1 . 4 . 1 Failed 6 | . 3 . . . 3 Catastrophic 1 | . 1 . . . . Database Lockouts . | . . . . . . Manual 1 | . 1 . . . . Terminals 8 | . 4 . . . 4 Fabricators . | . . . . . . Repair Stations . | . . . . . . Recycling Units . | . . . . . . Scanalyzers . | . . . . . . Garrison Access . | . . . . . . Terminal Hacks 6 | . 1 . 4 . 1 Record 4 | . . . 4 . . Locate Traps 2 | . 1 . . . 1 Fabricator Hacks . | . . . . . . Repair Station Hacks . | . . . . . . Recycling Unit Hacks . | . . . . . . Scanalyzer . | . . . . . . Garrison Access Hacks . | . . . . . . Unauthorized Hacks . | . . . . . . Terminals . | . . . . . . Fabricators . | . . . . . . Repair Stations . | . . . . . . Recycling Units . | . . . . . . Scanalyzers . | . . . . . . Garrison Access . | . . . . . . Data Cores Recovered . | . . . . . . Used . | . . . . . . Hacking Detections 3 | . 2 . . . 1 Full Trace Events . | . . . . . . Feedback Events . | . . . . . . Feedback Blocked . | . . . . . . Robot Schematics Acquired . | . . . . . . Robots Built . | . . . . . . Authchips . | . . . . . . Time . | . . . . . . Total Robot Build Rating . | . . . . . . Part Schematics Acquired . | . . . . . . Parts Built . | . . . . . . Authchips . | . . . . . . Time . | . . . . . . Total Part Build Rating . | . . . . . . Parts Repaired . | . . . . . . Time . | . . . . . . Parts Recycled . | . . . . . . Recycled Matter . | . . . . . . Retrieved Matter . | . . . . . . Retrieved Components . | . . . . . . Parts Scanalyzed . | . . . . . . Part Schematics Acquired . | . . . . . . Parts Damaged . | . . . . . . Bothacking | -11 -10 -10 -10 -9 -8 ------------ Run | Jun Mat Min Exi Min Mat Used RIF Installer . | . . . . . . Robots Hacked . | . . . . . . Non-combat . | . . . . . . Combat . | . . . . . . Robot Hacks Applied . | . . . . . . Relay Couplers Released . | . . . . . . Fabnet Peak Effective % . | . . . . . . Robots Rewired . | . . . . . . Allies Hacked . | . . . . . . Hacks Repelled . | . . . . . . Allies | -11 -10 -10 -10 -9 -8 -------- Run | Jun Mat Min Exi Min Mat Total Allies . | . . . . . . Largest Group . | . . . . . . Highest-Rated Group . | . . . . . . Highest-Rated Ally . | . . . . . . Total Orders . | . . . . . . Ally Attacks . | . . . . . . Total Damage . | . . . . . . Kills . | . . . . . . Allies Corrupted . | . . . . . . Allies Melted . | . . . . . . Intel | -11 -10 -10 -10 -9 -8 ------- Run | Jun Mat Min Exi Min Mat Robot Analysis Total . | . . . . . . Derelict Logs Recovered 2 | . . 2 . . . Drone Launches . | . . . . . . Drone Recoveries . | . . . . . . Exploration | -11 -10 -10 -10 -9 -8 ------------- Run | Jun Mat Min Exi Min Mat Turns Passed 946 | 60 103 68 446 68 201 Spaces Moved 975 | 46 101 76 492 76 184 Core 2 | 2 . . . . . Treads . | . . . . . . Legs . | . . . . . . Wheels 932 | 44 101 76 492 76 143 Hover . | . . . . . . Flight 41 | . . . . . 41 Fastest Speed 34 | 50 90 90 90 90 34 Average Speed 87 | 88 90 90 90 90 78 Slowest Speed 117 | 90 90 90 90 90 117 Overloaded Moves . | . . . . . . Propulsion Burnouts . | . . . . . . Robots Hopped 1 | . . . . . 1 Cave-ins Triggered . | . . . . . . Exploration Rate (%) 33 | 3 28 26 88 38 17 Regions Visited 5 Branch Regions 3 Pre-discovered Areas 1 | . . . 1 . . Known Exits Taken . | . . . . . . Unknown Exits Taken 5 | 1 1 1 1 1 . Scrap Searched . | . . . . . . Spaces Dug . | . . . . . . Terrain Destroyed . | . . . . . . Melee . | . . . . . . Projectile . | . . . . . . AOE . | . . . . . . Terrain Rammed . | . . . . . . Walls Destroyed . | . . . . . . Machines Disabled . | . . . . . . Actions | -11 -10 -10 -10 -9 -8 --------- Run | Jun Mat Min Exi Min Mat Total 1051 | 62 106 75 495 75 238 Wait 50 | 7 . . . . 43 Move 968 | 45 100 75 491 75 182 Hop 1 | . . . . . 1 Pick Up 10 | 4 2 . 3 . 1 Fast Attach 13 | 6 1 . . . 6 Attach . | . . . . . . Detach . | . . . . . . Swap . | . . . . . . Drop 6 | . . . 1 . 5 Fire 3 | . 3 . . . . Melee . | . . . . . . Ram . | . . . . . . Kick . | . . . . . . Crush . | . . . . . . Escape Stasis . | . . . . . . Rewire . | . . . . . . Trap . | . . . . . . Miscellaneous . | . . . . . . Route ------- -11/Junkyard -10/Materials -10/Mines -10/Exiles -9/Mines -8/Materials (discovered 1 exit: Fac) History --------- Turn | Location | Event 15 | -11/Junkyard | Discovered new exit (range 15) 61 | -11/Junkyard | Entered Materials 154 | -10/Materials | Discovered new exit (range 6) 164 | -10/Materials | Entered Mines 195 | -10/Mines | Learned location of 1 exit from Materials 207 | -10/Mines | Learned Materials stockpile data 228 | -10/Mines | Deemed a non-threat by the Exiles lab entrance 228 | -10/Mines | Discovered new exit (range 5) 232 | -10/Mines | Entered Exiles 260 | -10/Exiles | Met 8R-AWN 273 | -10/Exiles | Met EX-HEX 308 | -10/Exiles | Met EX-DEC 313 | -10/Exiles | Build established: Mutant 343 | -10/Exiles | Visited The Gauntlet 476 | -10/Exiles | Discovered new exit (range 12) 513 | -10/Exiles | Learned location of Zion (-6) 542 | -10/Exiles | Met EX-BIN 555 | -10/Exiles | Aligned with FarCom system 556 | -10/Exiles | Given EX-Vault access code 678 | -10/Exiles | Entered Mines 734 | -9/Mines | Discovered new exit (range 14) 746 | -9/Mines | Entered Materials 746 | -8/Materials | Evolved 4 slots: Propulsion x1, Utility x3 747 | -8/Materials | Identified exit to Factory 947 | -8/Materials | Self-destructed Last Messages --------------- 00852_ Acquired Assault Cannon. 00860_ Critical hit (Burn: +37). 00882_ Acquired Imp. Light Armor Plating. 00894_ Connecting with Terminal... 00894_ Current location identified: Materials >>Traps(Locate) Found 6 traps in 1 array: 6x Blade Trap Map updated. 00914_ Dropped Wheel. 00915_ Acquired Xenon Bombardment Thruster. 00919_ Dropped Com. Wheel. 00920_ R-06 Scavenger collects Wheel. 00921_ Acquired Xenon Bombardment Thruster. 00923_ Dropped Sml. Laser. 00924_ R-06 Scavenger collects Sml. Laser. 00924_ Acquired Xenon Bombardment Thruster. 00925_ Dropped Assault Cannon. 00925_ R-06 Scavenger collects Com. Wheel. 00927_ R-06 Scavenger collects Assault Cannon. Map ----- +----------------------------------------------------+ | ?????????????????????????????????????????????????? | | ?????????????????????????????????????????????????? | | ??????????????????????????????=??????????????????? | | ???????!?????????????????????????????????????????? | | ????????????????????????!????????????????????????? | | ?????????????????????????????????????????????????? | | ?????????????????????????????????????????????????? | | ?????????????????????????????????????????????????? | | ?????????????????????????????????????????????????? | | ?????????????????????????????????s???????????????? | | ????????????????????????????????s????????????????? | | ????????????????????????????! ??????????????????? | | ??????????????????????????!!! ??????????????????? | | ??????????????????????????!! ??????????????????? | | ?????????????????????????? #?????????????????? | | ??????????????????????????? #?????????????????? | | ????????????????????? ???? +?????????????????? | | ??????????w?????????? ???? #?????????????????? | | ???????????????????###k##### #?????????????????? | | ???????????????????# ## #?????????????????? | | ???????????????????# """ ## #?????????????????? | | ???????????????????# "T" ## #?????????????????? | | ??????????????????## ## #?????????????????? | | ??????????????????#Y ## #???????#####?????? | | ???????????????????# """ ## ##??????# #?????? | | ???????????????????# """@# ######## #?????? | | ???????????????????#! """ # ^ !!#?????? | | ???????????????????# + T ^^^ !!#?????? | | ???????????????????# """ # ! ^^ [[#?????? | | ???????????????????# """ # ###### [[#?????? | | ???????????????????#= """ ###+####???# #####?????? | | ???????????????????# # #??## ##?????#### | | ???????????s???????########""" #### ####### | | ??????????????????????????#""" Y + | | ??????????????????????????#""" #### ##### # | | ??????????????????????????# #??##+##???# # | | ???????????s?s????????????#""" !#?? ???# # | | ??????????????????????????#""" #?# #?# #[ | | ??????????????????????????#""" #?# " " !#?# # | | ??????????????????????????# #?# "R" #?# # | | ??????????????????????????#""" #?# """ #?# # | | ??????????????????????????#""" #?# #?# #### | | ??????????????????????????#""" #?########?# #??? | | ??????????????????????????# #??????????# #??? | | ??????????????????????????########?########## #??? | | ???????????????????????????????????# #??? | | ???????????????????????????????????# ########+#??? | | ???????????????????????????????????# #?????# ! [?? | | ??????????????????????????????????##+####### | | ????????????????????????########### # ! | +----------------------------------------------------+ Best States ------------- Heat Dissipation 45 Energy Generation 10 Energy Capacity 250 Matter Stores 244 Matter Capacity 300 Sight Range 16 Terrain Scan Density 10 Armor Coverage 150 Evasion (%) 63 Targeting Accuracy 5 Item Schematics ----------------- None Robot Schematics ------------------ None Fabricated ------------ Nothing Alien Tech Used ----------------- None Achievements -------------- None Challenges ------------ None Game ------ Seed RestorationIonicAutocannon Manual? 0 Play Time 00:15:56 Cumulative 48.6 hours Start 2023.08.11 @ 02:08:30 End 2023.08.11 @ 18:01:42 Sessions 3 Manual Loads 0 Difficulty Rogue Special Mode None Game No. 35 Rogue 30 Adventurer 5 Explorer 0 Win Type - Total 1 Types 1/0/0/0/0/0/0/0/0 Lore% 11 Gallery% 34 Achievement% 28 Wizard Run 0 Options --------- ASCII 0 Keyboard 1 Movement Numpad Keybinds 0 Fullscreen 2 Font 18/Terminus Map View 76x50 Tactical HUD 1 Map Filters NONE Filters NONE Steam 1 RUN: 01dfe2e0-5997-4303-88a0-b30b3b760474